 Dungeon Crawl Stone Soup version 0.28-a0-10-g964c8b829e (webtiles) character file.

Game seed: 6030510348137986861

247 Sin92 the Skirmisher (level 5, -2/42 HPs)
             Began as a Demonspawn Fighter on July 26, 2021.
             Slain by an iguana (9 damage)
             ... on level 4 of the Dungeon.
             The game lasted 00:04:53 (3600 turns).

Sin92 the Skirmisher (Demonspawn Fighter)           Turns: 3600, Time: 00:04:54

Health: -2/42      AC:  8    Str: 16    XL:     5   Next: 85%
Magic:  5/5        EV:  7    Int:  9    God:
Gold:   127        SH: 14    Dex: 14    Spells: 4/4 levels left

rFire   . . .      SeeInvis .   a - +1 long sword
rCold   . . .      Faith    .   c - +1 kite shield
rNeg    . . .      Spirit   .   b - +0 scale mail
rPois   .          Reflect  .   (no helmet)
rElec   .          Harm     .   (no cloak)
rCorr   .          Rampage  .   (no gloves)
Will    .....                   (no boots)
Stlth   ..........              (no amulet)
HPRegen 0.14/turn               (no ring)
MPRegen 0.09/turn               (no ring)

@: no status effects
A: claws 1, icy blue scales 1, condensation shield
a: no special abilities


You were on level 4 of the Dungeon.
You visited 1 branch of the dungeon, and saw 4 of its levels.

You collected 127 gold pieces.

Inventory:

Hand Weapons
 a - a +1 long sword (weapon)
Armour
 b - a +0 scale mail (worn)
 c - a +1 kite shield (worn)
Wands
 e - a wand of polymorph (1)
Scrolls
 h - a scroll of magic mapping {unknown}
 k - a scroll of identify
 l - a scroll of immolation {unknown}
 m - a scroll of teleportation
Potions
 d - a potion of might
 f - a potion of magic {unknown}
 g - a potion of cancellation {unknown}
 i - 2 potions of mutation {unknown}
 j - a potion of flight {unknown}
 n - 2 potions of curing {unknown}


   Skills:
 + Level 3.8 Fighting
 * Level 3.5 Long Blades
 + Level 3.4 Armour
 + Level 1.8 Dodging
 + Level 3.4 Shields


You had 4 spell levels left.
You didn't know any spells.
Your spell library was empty.

Dungeon Overview and Level Annotations

Branches:
Dungeon (4/15)             Temple (0/1) D:4

Altars:
Dithmenos
Nemelex Xobeh
Xom

Shops:
D:4 *

Annotations:
D:3 3 runed translucent doors, Leeroy's ghost, amateur TeAE


Innate Abilities, Weirdness & Mutations

You have sharp fingernails.
You are partially covered in icy blue scales. (AC +2)
A meltable shield of frost defends you. (SH +4)


Message History

An iguana is nearby!
Unknown command.
The iguana bites you.
Found a dented garnet amulet, 19 stones and a metallic emerald potion.
An iguana is nearby!
Unknown command.
You hit the iguana but do no damage. The iguana barely misses you.
You riposte.
You closely miss the iguana.
An iguana is nearby!
Unknown command.
You hit the iguana.
The iguana is lightly wounded.
You block the iguana's attack. The iguana bites you!
An iguana is nearby!
You slash the iguana!
The iguana is heavily wounded.
The iguana bites you!
An iguana is nearby!
Unknown command.
You are too injured to fight recklessly!
Unknown command.
An iguana is nearby!
You are too injured to fight recklessly!
An iguana is nearby!
Unknown command.
You are too injured to fight recklessly!
An iguana is nearby!
You are too injured to fight recklessly!
You hit the iguana.
The iguana is heavily wounded.
The iguana bites you!
* * * LOW HITPOINT WARNING * * *
The iguana closely misses you.
You hit the iguana but do no damage.
The iguana is heavily wounded.
You block the iguana's attack.
You barely miss the iguana.
The iguana is heavily wounded.
The iguana barely misses you. The iguana bites you!
You die...

# ...... .. .... ..# .#
#..# ..#. .# #..#
####### ..... P# #..#
#..'..# ....(
.####..###+#..#..#....."
...........#)#####......
.........⌠.......l......
...##+##........@...#
#### #+##..##†#...# #
#P.#..#P..# #
#..#..#.....
###########..####.......
.............. .......
..##.....#...#. #..!...
#.............. ......
#......≈≈≈≈≈.. .


You could see an iguana.

Vanquished Creatures
  A sky beast (D:3)
  Natasha (thrice) (D:3)
  An adder (D:2)
  A dart slug (D:1)
  A worm (D:2)
  5 endoplasms
  5 giant cockroaches
  7 goblins
  3 hobgoblins
  5 jackals (D:1)
  7 kobolds
  2 quokkas (D:2)
  8 ball pythons
  5 bats
  4 frilled lizards
  6 rats
64 creatures vanquished.

Vanquished Creatures (others)
  3 plants (D:4)
3 creatures vanquished.

Grand Total: 67 creatures vanquished

Notes
Turn   | Place    | Note
-------+----------+-------------------------------------------
     0 | D:1      | Sin92 the Demonspawn Fighter began the quest for the Orb.
     0 | D:1      | Reached XP level 1. HP: 18/18 MP: 1/1
   216 | D:1      | Gained mutation: A meltable shield of frost defends you.
                  | (SH +4) [demonic ancestry]
   216 | D:1      | Reached XP level 2. HP: 24/24 MP: 2/2
   719 | D:1      | Gained mutation: You are partially covered in icy blue
                  | scales. (AC +2) [demonic ancestry]
   719 | D:1      | Reached XP level 3. HP: 26/29 MP: 3/3
  1886 | D:2      | Reached skill level 1 in Dodging
  2013 | D:3      | Noticed Natasha
  2021 | D:3      | Killed Natasha
  2022 | D:3      | Gained mutation: You have sharp fingernails. [demonic
                  | ancestry]
  2022 | D:3      | Reached XP level 4. HP: 35/35 MP: 4/4
  2261 | D:3      | Found a runed translucent gate.
  2261 | D:3      | Found a runed translucent gate.
  2261 | D:3      | Noticed Natasha
  2262 | D:3      | Found a runed translucent gate.
  2264 | D:3      | Noticed Leeroy's ghost (amateur TeAE)
  2264 | D:3      | Noticed a scorpion
  2272 | D:3      | Killed Natasha
  2386 | D:3      | Noticed Natasha
  2398 | D:3      | Killed Natasha
  2399 | D:3      | Reached XP level 5. HP: 32/41 MP: 5/5
  2916 | D:3      | Noticed a sky beast
  2930 | D:3      | Killed a sky beast
  3494 | D:4      | Found Iruxtia's Assorted Antiques.
  3502 | D:4      | Found a sparkling altar of Nemelex Xobeh.
  3504 | D:4      | Found a shadowy altar of Dithmenos.
  3516 | D:4      | Found a shimmering altar of Xom.
  3534 | D:4      | Found a staircase to the Ecumenical Temple.
  3600 | D:4      | Slain by an iguana

Illustrated notes

Levels and vault maps discovered:
D:1:      eino_arrival_cavern_b, layout_basic, minivault_19
D:2:      layout_basic, chequers_mini_garden
D:3:      layout_basic, gammafunk_ghost_split, minivault_25, chequers_avenue,
          uniq_natasha
D:4:      corexii_shack_village, layout_cave_pools, fedhas_ov_isle_minmay,
          grunt_temple_overflow_open, temple_pool_b, serial_shops, shop

Skill      XL: |  1  2  3  4 |
---------------+-------------+-----
Long Blades    | 2 3 |  3.5
Armour         | 3 |  3.4
Shields        | 3 |  3.4
Dodging        | 1 |  1.8
Fighting       | |  3.8

Action                   |  1- 3 |  4- 6 || total
-------------------------+-------+-------++-------
Melee: Long sword        |   148 |    52 ||   200
  Use: Scroll            |     6 |       ||     6
Armor: Scale mail        |    49 |    17 ||    66
Dodge: Dodged            |    30 |     8 ||    38
Block: Kite shield       |   124 |    28 ||   152
       Rpst.: Long sword |    10 |     4 ||    14

Table legend: (Time is in decaauts)
 A = Elapsed time spent in this place.
 B = Non-inter-level travel time spent in this place.
 C = Inter-level travel time spent in this place.
 D = Time resting spent in this place.
 E = Time spent auto-exploring this place.
 F = Levels seen in this place.
 G = Mean time per level.
                   A        B        C        D        E       F      G
               +--------+--------+--------+--------+--------+-----+--------+
         Total |   3713 |   3666 |     47 |    500 |   2688 |   4 |  928.2 |
       Dungeon |   3713 |   3666 |     47 |    500 |   2688 |   4 |  928.2 |
               +--------+--------+--------+--------+--------+-----+--------+

Top non-repeatable levels by time:
     D:3: 1549 daAuts
     D:1: 1164 daAuts
     D:2: 888 daAuts
     D:4: 110 daAuts
